 Dungeon Crawl Stone Soup version 0.32-a0-131-g9dbbe29261 (webtiles) character file.

Game seed: 12476741866269340565

2253 Ambrosia the Conjurer (level 8, -8/66 HPs)
             Began as a Demigod Conjurer on Feb 8, 2024.
             Mangled by a two-headed ogre
             ... wielding a +0 giant club
              (17 damage)
             ... on level 7 of the Dungeon.
             The game lasted 00:11:56 (8880 turns).

Ambrosia the Conjurer (Demigod Conjurer)            Turns: 8880, Time: 00:11:56

Health: -8/66      AC:  3    Str:  8    XL:     8   Next: 93%
Magic:  2/20       EV: 12    Int: 28    God:
Gold:   414        SH:  0    Dex: 12    Spells: 7/18 levels left

rFire   . . .        g - +1 war axe
rCold   + . .        (no shield)
rNeg    . . .        a - +0 leather armour {rC+}
rPois   .            (no helmet)
rElec   .            d - scarf {shadows}
rCorr   +            (no gloves)
SInv    +            (no boots)
Will    .....        v - amulet of Paranoia {RegenMP rCorr SInv}
Stlth   ++           f - ring of flight {+Fly}
HPRegen 0.31/turn    (no ring)
MPRegen 0.57/turn

%: no passive effects
@: flying, very slightly contaminated
A: high MP 1, forlorn, divine attributes
a: no special abilities


You were on level 7 of the Dungeon.
You visited 2 branches of the dungeon, and saw 8 of its levels.

You collected 414 gold pieces.

Inventory:

Hand Weapons
 g - a +1 war axe (weapon)
   (You found it on level 3 of the Dungeon)
 p - the +4 whip of Compound Interest {flame, rC- rN++ Dex+6}
   (You found it on level 3 of the Dungeon)

   Dex+6:     It affects your dexterity (+6).
   rC-:       It makes you vulnerable to cold.
   rN++:      It greatly protects you from negative energy.
Missiles
 l - a throwing net {=f, !d}
Armour
 a - a +0 leather armour of cold resistance (worn)
   (You found it on level 3 of the Dungeon)
 d - a scarf of shadows (worn)
   (You found it on level 2 of the Dungeon)
Jewellery
 f - a ring of flight (left hand) {+Fly}
   (You found it on level 2 of the Dungeon)
 o - an amulet of the acrobat
   (You found it on level 4 of the Dungeon)
 t - an amulet of regeneration
   (You found it on level 6 of the Dungeon)
 v - the amulet of Paranoia (around neck) {RegenMP rCorr SInv}
   (You acquired it on level 6 of the Dungeon)

   [amulet of magic regeneration]

   RegenMP:   It increases your rate of magic regeneration.
   SInv:      It lets you see invisible.
   rCorr:     It protects you from acid and corrosion.
Wands
 w - a wand of roots (11)
   (You found it on level 6 of the Dungeon)
Scrolls
 e - a scroll of immolation {!r}
 i - a scroll of torment {!r!r}
 j - a scroll of amnesia
 m - a scroll of poison {!r}
Potions
 b - 2 potions of ambrosia {unknown}
 c - a potion of heal wounds {@q2, !d}
 h - a potion of resistance
 k - a potion of berserk rage {!q}
 n - 2 potions of attraction {!q}
 q - 2 potions of curing {@q1, !d}
 r - a potion of lignification {unknown}
 s - 2 potions of enlightenment
 u - a potion of mutation {unknown}


   Skills:
 + Level 4.0 Fighting
 + Level 4.2 Armour
 + Level 4.4 Dodging
 - Level 1.7 Stealth
 * Level 5.6 Spellcasting
 * Level 7.0 Conjurations


You had 7 spell levels left.
You knew the following spells:

 Your Spells              Type           Power      Damage    Failure   Level
a - Magic Dart            Conj           100%       1d8       1%          1
f - Fulminant Prism       Conj/Alch      13%        3d8       21%         4
z - Searing Ray           Conj           94%        2d7       1%          2
Z - Iskenderun's Mystic   Conj/Tloc      27%        2d7       21%         4

Your spell library contained the following spells:

 Spells                   Type           Power      Damage    Failure   Level
 Call Canine Familiar     Summ           7%         N/A       26%         3
 Sigil of Binding         Hex            7%         N/A       26%         3
 Dimensional Bullseye     Hex/Tloc       3%         N/A       65%         4


Dungeon Overview and Level Annotations

Branches:
Dungeon (7/15) Zot: 26656  Temple (1/1) D:4 Zot: 5998

Shops:
D:5 !   D:7 *


Innate Abilities, Weirdness & Mutations

You have an increased reservoir of magic. (+10% MP)
You shall have no god before yourself.
Your divine heritage dramatically boosts your attributes as you level up.


Message History

The orc moves out of view.
No target in view!
An orc is nearby!
The magic dart hits the orc.
The magic dart hits the orc.
You kill the orc!
You now have 19/20 mp.
You can't see any susceptible monsters within range! (Use Z to cast anyway.) No target in view!
A jelly comes into view.
MP restored: 20 A jelly is nearby!
The magic dart hits the jelly.
The jelly quivers.
You now have 19/20 mp.
The magic dart hits the jelly.
The magic dart hits the jelly.
You now have 18/20 mp.
The magic dart hits the jelly!
You kill the jelly!
Your Conjurations skill increases to level 7!
No target in view!
A two-headed ogre comes into view. It is wielding two +0 giant clubs.
The two-headed ogre moves out of view.
MP restored: 20 You can't see any susceptible monsters within range! (Use Z to cast anyway.) No target in view!
A two-headed ogre is nearby!
The magic dart hits the two-headed ogre!
The two-headed ogre shouts in stereo!
You now have 19/20 mp.
The magic dart hits the two-headed ogre.
MP restored: 20
Casting: Magic Dart (safe; 1% risk of failure)
You erupt in a blast of force!
The mystic blast hits the two-headed ogre.
The two-headed ogre is knocked back by the mystic blast.
You hear a shout!
You now have 17/20 mp.
Unknown command.
Casting: Iskenderun's Mystic Blast (dangerous; 21% risk of failure)
You erupt in a blast of force!
The mystic blast hits the two-headed ogre!
The two-headed ogre is knocked back by the mystic blast.
You hear a shout!
You now have 13/20 mp.
Unknown command.
Casting: Iskenderun's Mystic Blast (dangerous; 21% risk of failure)
Aiming: Fulminant Prism (dangerous; 21% risk of failure)
Press: ? - help, Dir - move target, p - two-headed ogre You conjure a prism of explosive energy!
A fulminant prism comes into view.
The two-headed ogre hits your fulminant prism with a +0 giant club!!
You now have 10/20 mp.
Casting: Fulminant Prism (dangerous; 21% risk of failure)
Aiming: Fulminant Prism (dangerous; 21% risk of failure)
Press: ? - help, Dir - move target You conjure a prism of explosive energy!
A fulminant prism comes into view.
You now have 6/20 mp.
The two-headed ogre hits your fulminant prism with a +0 giant club!!
Casting: Fulminant Prism (dangerous; 21% risk of failure)
Aiming: Fulminant Prism (dangerous; 21% risk of failure)
Press: ? - help, Dir - move target You conjure a prism of explosive energy!
A fulminant prism comes into view.
The two-headed ogre hits your fulminant prism with a +0 giant club!
You now have 3/20 mp.
Casting: Fulminant Prism (dangerous; 21% risk of failure)
You don't have enough magic to cast this spell.
Casting: Fulminant Prism (dangerous; 21% risk of failure)
You don't have enough magic to cast this spell.
Okay, then.
Casting: Fulminant Prism (dangerous; 21% risk of failure)
Aiming: Fulminant Prism (dangerous; 21% risk of failure)
Press: ? - help, Dir - move target You miscast Fulminant Prism.
You are very lightly contaminated with residual magic.
Nothing appears to happen.
You now have 4/20 mp.
Unknown command.
Casting: Fulminant Prism (dangerous; 21% risk of failure)
You can't see any susceptible monsters within range! (Use Z to cast anyway.) Unknown command.
Unknown command.
Casting: Fulminant Prism (dangerous; 21% risk of failure)
You erupt in a blast of force!
The mystic blast hits the two-headed ogre.
The two-headed ogre barely misses you.
The two-headed ogre hits you with a +0 giant club!!
You take 29 damage, and have 37/66 hp.
MASSIVE DAMAGE!!
You now have 3/20 mp.
Unknown command.
Aiming: Magic Dart (safe; 1% risk of failure)
Press: ? - help, Q - select action, (/) - cycle Shift-Dir - straight line, f - two-headed ogre
Aim: a two-headed ogre, wielding two +0 giant clubs (heavily wounded, 100% to hit)
The magic dart hits the two-headed ogre but does no damage.
The two-headed ogre hits you with a +0 giant club!!
* * * LOW HITPOINT WARNING * * *
The two-headed ogre hits you with a +0 giant club!
You die...

### ###.# #...#
###################.#.#
...............O@...#.#
.........############.#
.........# #........#.#
.........# #.######.#.#
.........# #.# #.#.#
.........###.#### #.#.#
.....).........># #.#.#
.............##.# #.#.#
.............##.###.#.#####


You could see a two-headed ogre.

Vanquished Creatures
  Pikel (D:5)
  Prince Ribbit (D:5)
  A fire bat (D:5)
  Menkaure (D:4)
  A sky beast (D:6)
  An ice beast (D:6)
  An orc warrior (D:6)
  3 lemures (D:5)
  Blork the orc (D:5)
  5 scorpions (D:5 D:6)
  2 bombardier beetles (D:6)
  2 hounds (D:5)
  3 jellies (D:5 D:7)
  A gnoll bouda (D:7)
  3 iguanas (D:5 D:6)
  An orc wizard (D:6)
  Natasha (twice) (D:4)
  11 gnolls (D:2 D:6 D:7)
  9 adders (D:2 D:3 D:4 D:5 D:6)
  2 river rats (D:5)
  A shadow imp (D:4)
  2 ufetubi (D:5)
  4 dart slugs (D:2 D:3)
  2 ribbon worms (D:3)
  7 orcs (D:4 D:5 D:6 D:7)
  10 endoplasms (D:1 D:2 D:3)
  3 giant cockroaches (D:3 D:5)
  5 goblins (D:1 D:3)
  7 hobgoblins (D:1 D:2 D:3 D:4)
  3 jackals (D:2)
  6 quokkas (D:1 D:2 D:3 D:5)
  13 ball pythons (D:1 D:2 D:3 D:4)
  3 bats (D:2)
  3 frilled lizards (D:1 D:2)
  6 kobolds (D:1 D:2 D:3 D:4)
  7 rats (D:1 D:2 D:5)
  2 fulminant prisms (D:6)
136 creatures vanquished.

Vanquished Creatures (others)
  16 fulminant prisms (D:6 D:7)
16 creatures vanquished.

Grand Total: 152 creatures vanquished

Notes
Turn   | Place    | Note
-------+----------+-------------------------------------------
     0 | D:1      | Ambrosia the Demigod Conjurer began the quest for the Orb.
     0 | D:1      | Reached XP level 1. HP: 14/14 MP: 5/5
   409 | D:1      | Reached skill level 2 in Spellcasting
   409 | D:1      | Reached XP level 2. HP: 20/20 MP: 5/7
   425 | D:1      | Learned a level 2 spell: Searing Ray
  1283 | D:2      | HP: 11/22 [quokka (3)]
  1288 | D:2      | HP: 7/22 [dart slug/slug dart (5)]
  1294 | D:2      | HP: 6/22 [dart slug/slug dart (3)]
  1296 | D:2      | Reached skill level 2 in Dodging
  1429 | D:2      | Reached skill level 1 in Armour
  1429 | D:2      | Reached XP level 3. HP: 23/27 MP: 4/8
  1446 | D:2      | Reached skill level 4 in Conjurations
  1733 | D:2      | HP: 12/27 [ball python (2)]
  1893 | D:2      | Reached skill level 1 in Fighting
  1895 | D:2      | Reached XP level 4. HP: 35/35 MP: 3/10
  3509 | D:3      | Learned a level 4 spell: Iskenderun's Mystic Blast
  3994 | D:3      | Reached XP level 5. HP: 40/40 MP: 8/11
  4181 | D:3      | Identified the +4 whip of Compound Interest {flame, rC-
                  | rN++ Dex+6}
  4229 | D:4      | Noticed Natasha
  4235 | D:4      | Killed Natasha
  4297 | D:4      | Noticed Menkaure
  4302 | D:4      | Killed Menkaure
  4303 | D:4      | Reached skill level 2 in Armour
  4303 | D:4      | Reached skill level 3 in Spellcasting
  4303 | D:4      | Reached XP level 6. HP: 33/48 MP: 7/13
  4376 | D:4      | Found a staircase to the Ecumenical Temple.
  4760 | D:4      | Noticed Natasha
  4770 | D:4      | Killed Natasha
  5247 | Temple   | Found a transporter.
  5247 | Temple   | Found a transporter.
  5247 | Temple   | Found a transporter.
  5247 | Temple   | Found a transporter.
  5247 | Temple   | Entered the Ecumenical Temple
  5258 | D:5      | Entered Level 5 of the Dungeon
  5339 | D:5      | Reached skill level 2 in Fighting
  5612 | D:5      | Reached skill level 5 in Conjurations
  5615 | D:5      | HP: 24/48 [poisoned by a scorpion]
  5766 | D:5      | Found Asowk's Distillery.
  6491 | D:5      | Noticed Prince Ribbit
  6498 | D:5      | HP: 23/48 [Prince Ribbit (8)]
  6505 | D:5      | Killed Prince Ribbit
  6506 | D:5      | Reached skill level 3 in Dodging
  6506 | D:5      | Reached XP level 7. HP: 29/56 MP: 3/16
  6676 | D:5      | Noticed a fire bat
  6681 | D:5      | HP: 28/56 [scorpion (6)]
  6706 | D:5      | Reached skill level 4 in Spellcasting
  6812 | D:5      | HP: 28/56 [fire bat (6)]
  6813 | D:5      | Killed a fire bat
  6814 | D:5      | Reached skill level 3 in Armour
  7161 | D:5      | Noticed Pikel
  7182 | D:5      | Killed Pikel
  7183 | D:5      | Reached skill level 3 in Fighting
  7183 | D:5      | Reached skill level 6 in Conjurations
  7183 | D:5      | Reached XP level 8. HP: 33/63 MP: 15/18
  7183 | D:5      | HP: 28/63 [hound (5)]
  7365 | D:5      | Noticed Blork the orc
  7371 | D:5      | Killed Blork the orc
  7547 | D:5      | Reached skill level 5 in Spellcasting
  7724 | D:6      | Reached skill level 4 in Dodging
  7934 | D:6      | Identified a scroll of acquirement
  7934 | D:6      | Acquired the amulet of Paranoia {RegenMP rCorr SInv}
  8201 | D:6      | Learned a level 4 spell: Fulminant Prism
  8282 | D:6      | Reached skill level 4 in Armour
  8339 | D:6      | HP: 31/66 [spore (20)]
  8483 | D:6      | Reached skill level 4 in Fighting
  8538 | D:6      | You are sucked into a shaft and drop 1 floor!
  8643 | D:7      | Found Hepry's Mail-Order Catalogue.
  8830 | D:7      | Reached skill level 7 in Conjurations
  8852 | D:7      | Noticed a two-headed ogre
  8880 | D:7      | HP: 9/66 [two-headed ogre/+0 giant club (28)]
  8880 | D:7      | Mangled by a two-headed ogre

Illustrated notes

Levels and vault maps discovered:
D:1:      minmay_arrival_loop, layout_basic, serial_forest,
          infiniplex_forest_lined_2, infiniplex_forest_clump_small,
          infiniplex_forest_straight_2, infiniplex_forest_lined_room_2,
          infiniplex_forest_clump_double, infiniplex_forest_clump_cross,
          infiniplex_forest_corner_1, minivault_24
D:2:      layout_basic, ebering_ecumenical_altar_sacrificial, minmay_between
D:3:      layout_loops_cross
D:4:      layout_basic, temple_pool_b, chequers_serial_rivers_large_a,
          uniq_natasha, uniq_menkaure
D:5:      layout_basic, regret_index_xom_of_box, serial_shops,
          nicolae_inconvenience_store, gup_sewer_entry_spiral,
          uniq_prince_ribbit1, uniq_pikel, uniq_blork_the_orc
D:6:      layout_gridville, yredelemnul_forgotten_temple_becter,
          amethyst_killhole
D:7:      layout_basic, monkooky_shop_mail_order
Temple:   hellmonk_temple_divided_pantheon

Skill      XL: |  1  2  3  4  5  6  7  8 |
---------------+-------------------------+-----
Spellcasting   | 2 3 4 5 |  5.6
Dodging        | 2 3 4 |  4.4
Armour         | 1 2 3 4 |  4.2
Conjurations   | 4 5 6 7 |  7.0
Fighting       | 1 2 3 4 |  4.0
Stealth        | |  1.7

Action                     |  1- 3 |  4- 6 |  7- 9 || total
---------------------------+-------+-------+-------++-------
  Melee: Unarmed           |     8 |       |       ||     8
         Punch             |     1 |       |       ||     1
         Hand axe          |     5 |     3 |       ||     8
         War axe           |       |     8 |     5 ||    13
   Cast: Magic Dart        |    69 |   105 |    54 ||   228
         Searing Ray       |     4 |    19 |    15 ||    38
         Fulminant Prism   |       |       |    18 ||    18
         Iskenderun's Myst |       |       |    10 ||    10
    Use: Scroll            |     5 |    11 |     3 ||    19
         Potion            |       |       |     4 ||     4
   Stab: Sleeping          |       |     1 |       ||     1
 Armour: Robe              |    30 |     6 |       ||    36
         Skin              |       |     3 |       ||     3
         Leather armour    |       |    26 |    43 ||    69
  Dodge: Dodged            |    33 |    52 |    34 ||   119

Table legend: (Time is in decaauts)
 A = Elapsed time spent in this place.
 B = Non-inter-level travel time spent in this place.
 C = Inter-level travel time spent in this place.
 D = Time resting spent in this place.
 E = Time spent auto-exploring this place.
 F = Levels seen in this place.
 G = Mean time per level.
                   A        B        C        D        E       F      G
               +--------+--------+--------+--------+--------+-----+--------+
         Total |   8886 |   8652 |    234 |   2252 |   5231 |   8 | 1110.8 |
       Dungeon |   8884 |   8650 |    234 |   2252 |   5231 |   7 | 1269.1 |
        Temple |      1 |      1 |      0 |      0 |      0 |   1 |    1.0 |
               +--------+--------+--------+--------+--------+-----+--------+

Top non-repeatable levels by time:
     D:5: 2448 daAuts
     D:2: 1515 daAuts
     D:3: 1465 daAuts
     D:1: 1248 daAuts
     D:4: 1028 daAuts
     D:6: 834 daAuts
     D:7: 342 daAuts
  Temple: 1 daAuts

Levels and vault maps discovered:
D:1:      minmay_arrival_loop, layout_basic, serial_forest,
          infiniplex_forest_lined_2, infiniplex_forest_clump_small,
          infiniplex_forest_straight_2, infiniplex_forest_lined_room_2,
          infiniplex_forest_clump_double, infiniplex_forest_clump_cross,
          infiniplex_forest_corner_1, minivault_24
D:2:      layout_basic, ebering_ecumenical_altar_sacrificial, minmay_between
D:3:      layout_loops_cross
D:4:      layout_basic, temple_pool_b, chequers_serial_rivers_large_a,
          uniq_natasha, uniq_menkaure
D:5:      layout_basic, regret_index_xom_of_box, serial_shops,
          nicolae_inconvenience_store, gup_sewer_entry_spiral,
          uniq_prince_ribbit1, uniq_pikel, uniq_blork_the_orc
D:6:      layout_gridville, yredelemnul_forgotten_temple_becter,
          amethyst_killhole
D:7:      layout_basic, monkooky_shop_mail_order
Temple:   hellmonk_temple_divided_pantheon

Table legend: (Time is in decaauts)
 A = Elapsed time spent in this place.
 B = Non-inter-level travel time spent in this place.
 C = Inter-level travel time spent in this place.
 D = Time resting spent in this place.
 E = Time spent auto-exploring this place.
 F = Levels seen in this place.
 G = Mean time per level.
                   A        B        C        D        E       F      G
               +--------+--------+--------+--------+--------+-----+--------+
         Total |   8886 |   8652 |    234 |   2252 |   5231 |   8 | 1110.8 |
       Dungeon |   8884 |   8650 |    234 |   2252 |   5231 |   7 | 1269.1 |
        Temple |      1 |      1 |      0 |      0 |      0 |   1 |    1.0 |
               +--------+--------+--------+--------+--------+-----+--------+

Top non-repeatable levels by time:
     D:5: 2448 daAuts
     D:2: 1515 daAuts
     D:3: 1465 daAuts
     D:1: 1248 daAuts
     D:4: 1028 daAuts
     D:6: 834 daAuts
     D:7: 342 daAuts
  Temple: 1 daAuts

Table legend:
 A = Kills in this place as a percentage of kills in the entire game.
 B = Kills by you in this place as a percentage of kills by you in the entire game.
 C = Kills by friends in this place as a percentage of kills by friends in the entire game.
 D = Other kills in this place as a percentage of other kills in the entire game.
 E = Experience gained in this place as a percentage of experience gained in the entire game.
 F = Experience gained in this place divided by the number of levels of this place that you have seen.
                   A       B       C       D       E      F
               +-------+-------+-------+-------+-------+----------------------
         Total | 100.0 | 100.0 |   N/A |   N/A | 100.0 | 402.4
       Dungeon | 100.0 | 100.0 |   N/A |   N/A | 100.0 | 459.9
               +-------+-------+-------+-------+-------+----------------------
